 Dungeon Crawl Stone Soup version 0.29.1-15-g9cfb28693d (webtiles) character file.

Game seed: 11039304626658921238

35 Heoruswealwe the Digger (level 3, -7/19 HPs)
             Began as a Deep Elf Earth Elementalist on Mar 20, 2023.
             Was a Follower of Vehumet.
             Killed by divine providence
             ... invoked by an orc priest
              (10 damage)
             ... on level 2 of the Dungeon.
             The game lasted 00:12:50 (1324 turns).

Heoruswealwe the Digger (DEEE)                      Turns: 1324, Time: 00:12:52

Health: -7/19      AC:  6    Str:  5    XL:     3   Next: 17%
Magic:  7/10       EV: 12    Int: 21    God:    Vehumet [*.....]
Gold:   86         SH:  0    Dex: 15    Spells: 6/9 levels left

rFire   . . .      SeeInvis +   a - +0 dagger
rCold   . . .      Faith    .   (no shield)
rNeg    . . .      Spirit   .   b - +0 robe
rPois   .          Reflect  .   d - +2 helmet {SInv}
rElec   .          Harm     .   (no cloak)
rCorr   .          Rampage  .   (no gloves)
Will    .....                   c - +0 pair of boots
Stlth   ++........              (no amulet)
HPRegen 0.06/turn               (no ring)
MPRegen 0.12/turn               (no ring)

@: attractive, very slightly contaminated
A: no striking features
a: Renounce Religion


You were on level 2 of the Dungeon.
You worshipped Vehumet.
Vehumet was aware of your devotion.
You visited 1 branch of the dungeon, and saw 2 of its levels.

You collected 86 gold pieces.

Inventory:

Hand Weapons
 a - a +0 dagger (weapon)
Armour
 b - a +0 robe (worn)
 c - a +0 pair of boots (worn)
 d - a +2 helmet of see invisible (worn)
Scrolls
 g - a scroll of enchant armour {unknown}
Potions
 e - a potion of magic


   Skills:
 - Level 2.4 Dodging
 - Level 2.4 Stealth
 + Level 3.5 Spellcasting
 + Level 1.9 Transmutations
 * Level 4.1 Earth Magic


You had 6 spell levels left.
You knew the following spells:

 Your Spells              Type           Power      Damage    Failure   Level
a - Sandblast             Erth           42%        2d11      2%          1
b - Passwall              Tmut/Erth      13%        N/A       5%          2

Your spell library contained the following spells:

 Spells                   Type           Power      Damage    Failure   Level
 Freeze                   Ice            12%        1d4       13%         1
 Stone Arrow              Conj/Erth      24%        3d8       16%         3
 Petrify                  Tmut/Erth      16%        N/A       34%         4


Dungeon Overview and Level Annotations

Branches:
Dungeon (2/15)

Altars:
Vehumet


Message History

The blast of sand hits the gnoll!
You kill the gnoll!
Vehumet accepts your kill.
You feel your power returning.
Your Earth Magic skill increases to level 4!
You have reached level 3!
Your experience leads to an increase in your attributes!
Increase (S)trength, (I)ntelligence, or (D)exterity?
You feel clever. x2
You miscast Sandblast.
You are very lightly contaminated with residual magic.
Nothing appears to happen.
You miscast Sandblast.
Nothing appears to happen.
The orc priest mumbles some strange prayers to Beogh against you.
Beogh smites you!
Ouch! That really hurt!
* * * LOW HITPOINT WARNING * * *
The orc hits you but does no damage.
You hear a shout!
You are too injured to fight recklessly!
Casting: Sandblast (safe; 2% risk of failure)
Confirm with . or Enter, or press ? or * to list all spells.
Aiming: Sandblast (safe; 2% risk of failure)
Press: ? - help, Shift-Dir - straight line, f/p - orc
Aim: an orc, wielding a +0 whip and wearing a +0 ring mail (85% to hit)
The blast of sand hits the orc!
You kill the orc!
Vehumet accepts your kill.
It was a potion of attraction.
You feel attractive to monsters.
The orc priest looks braver for a moment.
The orc priest is attracted toward you. The gnoll is attracted toward you. x2
The rat is attracted toward you. The gnoll is attracted toward you.
The orc priest attacks as you move away!
The orc priest misses you.
Found 2 amethyst potions.
Found a stone staircase leading down.
The orc priest calls down the wrath of Beogh upon you.
Beogh smites you!
Ouch! That really hurt!
You die...

##. ...##.....
.... #g#.......
.....##g#.#[....
...$.....ยง....##
.......or.......
<....###g.......
...## #o#......
#. #.##..... #
#@# .##.. #.# # .
#.. ##.. ..> ....
..... ...!..


You could see an orc priest, 2 gnolls, an orc and a rat.

Vanquished Creatures
  A gnoll (D:2)
  An orc (D:2)
  3 ball pythons (D:1)
  4 endoplasms (D:1)
  2 giant cockroaches (D:1)
  2 goblins (D:1)
  A kobold (D:1)
  2 quokkas (D:1)
  3 bats (D:1)
  A frilled lizard (D:1)
  2 rats (D:1)
22 creatures vanquished.

Vanquished Creatures (others)
  31 fungi (D:1)
  38 plants (D:1)
69 creatures vanquished.

Grand Total: 91 creatures vanquished

Notes
Turn   | Place    | Note
-------+----------+-------------------------------------------
     0 | D:1      | Heoruswealwe the Deep Elf Earth Elementalist began the
                  | quest for the Orb.
     0 | D:1      | Reached XP level 1. HP: 10/10 MP: 6/6
    40 | D:1      | Found a faded altar of an unknown god.
    76 | D:1      | Prayed at the altar of an unknown god.
    76 | D:1      | Became a worshipper of Vehumet
    76 | D:1      | Reached * piety under Vehumet
    76 | D:1      | Offered knowledge of Freeze by Vehumet.
   179 | D:1      | Reached XP level 2. HP: 15/15 MP: 8/8
   327 | D:1      | Learned a level 2 spell: Passwall
  1320 | D:2      | Reached skill level 4 in Earth Magic
  1320 | D:2      | Reached XP level 3. HP: 19/19 MP: 10/10
  1324 | D:2      | Killed from afar by an orc priest

Illustrated notes

Levels and vault maps discovered:
D:1:      scummos_arrival_checkerplants, layout_basic,
          dreamdust_ecumenical_altar_hidden_monk_grotto,
          kennysheep_pointless_box, chequers_big_river, serial_bayou_pond_a
D:2:      layout_loops_ring, minmay_tripent

Skill      XL: |  1  2 |
---------------+-------+-----
Earth Magic    | 4 |  4.1
Dodging        | |  2.4
Stealth        | |  2.4
Spellcasting   | |  3.5
Transmutations | |  1.9

Action                   || total
-------------------------++-------
Melee: Dagger            ||   312
       Unarmed           ||     9
       Punch             ||     5
 Cast: Sandblast         ||    24
  Use: Potion            ||     1
Armor: Robe              ||     2
Dodge: Dodged            ||     6
